 Dungeon Crawl Stone Soup version 0.22-a0-398-g8bb545f (webtiles) character file.

177 iamserjio the Magician (level 5, -4/28 HPs)
             Began as a Deep Elf Wizard on May 4, 2018.
             Killed from afar by Natasha (7 damage)
             ... with a magic dart
             ... on level 3 of the Dungeon.
             The game lasted 00:05:48 (2091 turns).

iamserjio the Magician (Deep Elf Wizard)            Turns: 2091, Time: 00:05:49

Health: -4/28      AC:  2    Str:  4    XL:     5   Next: 30%
Magic:  3/15       EV: 13    Int: 24    God:
Gold:   101        SH:  0    Dex: 13    Spells: 4/15 levels left

rFire    . . .     SeeInvis .   e - +0 dagger
rCold    . . .     Gourm    .   (no shield)
rNeg     . . .     Faith    .   a - +0 robe
rPois    .         Spirit   .   b - +0 hat
rElec    .         Reflect  .   (no cloak)
rCorr    .         Harm     .   (no gloves)
MR       .....                  (no boots)
Stlth    ++........             (no amulet)
HPRegen  0.09/turn              (no ring)
MPRegen  0.14/turn              (no ring)

@: very slightly contaminated
A: no striking features
a: no special abilities


You were on level 3 of the Dungeon.
You were not hungry.

You visited 1 branch of the dungeon, and saw 3 of its levels.

You collected 101 gold pieces.

Inventory:

Hand Weapons
 e - a +0 dagger (weapon)
 u - a +4 quarterstaff of chaos
Armour
 a - a +0 robe (worn)
 b - a +0 hat (worn)
 v - a +0 cloak
Scrolls
 c - a scroll of enchant armour {unknown}
 l - a scroll of fog {unknown}
 m - a scroll of remove curse {unknown}
 n - a scroll of teleportation {unknown}
 o - a scroll of blinking {unknown}
 p - a scroll of enchant weapon {unknown}
 r - a scroll of amnesia {unknown}
 s - a scroll of identify {unknown}
Potions
 f - a potion of degeneration {unknown}
 g - a potion of agility {unknown}
 h - 3 potions of lignification {unknown}
 i - a potion of flight {unknown}
 j - a potion of ambrosia {unknown}
 k - a potion of berserk rage {unknown}
 q - a potion of curing {unknown}
Comestibles
 d - 6 rations
 t - 5 chunks of flesh


   Skills:
 - Level 2.4 Dodging
 - Level 2.4 Stealth
 + Level 5.9 Spellcasting
 * Level 4.7 Conjurations
 - Level 1.1 Summonings
 - Level 1.1 Translocations
 + Level 0.0 Fire Magic


You had 4 spell levels left.
You knew the following spells:

 Your Spells              Type           Power        Failure   Level  Hunger
a - Magic Dart            Conj           ####         1%          1    None
b - Mephitic Cloud        Conj/Pois/Air  ##......     13%         3    #......
c - Blink                 Tloc           N/A          8%          2    None
d - Conjure Flame         Conj/Fire      ###.....     9%          3    #......
e - Call Imp              Summ           ##......     8%          2    None


Dungeon Overview and Level Annotations

Branches:
Dungeon (2/15)

Altars:

Annotations:
D:3 Natasha


Message History

You resist with some effort.
Casting: Magic Dart (safe; 1% risk of failure)
Confirm with . or Enter, or press ? or * to list all spells.
Aiming: Magic Dart (safe; 1% risk of failure)
Press: ? - help, Shift-Dir - straight line, f/p - Natasha
Aim: Natasha (severely wounded)
The magic dart hits Natasha.
Natasha is severely wounded.
Natasha claws you.
* * * LOW HITPOINT WARNING * * *
Casting: Magic Dart (safe; 1% risk of failure)
Confirm with . or Enter, or press ? or * to list all spells.
Aiming: Magic Dart (safe; 1% risk of failure)
Press: ? - help, Shift-Dir - straight line, f/p - Natasha
Aim: Natasha (severely wounded)
The magic dart hits Natasha.
Natasha is almost dead.
Natasha stares at you and mumbles some strange words.
The magic dart hits you!
You die...

#. ###.### .#
#.#####.....###.#
#....†..........#
....###........##### #
###.###.....#...))..
##.##...##.....#..#####
#.†...#...........#
#...#########.#####
##@## #...... #h#
####### #.# #.. ###


You could see Natasha.

Vanquished Creatures
  Crazy Yiuf (D:2)
  An orc priest (D:3)
  Natasha (D:2)
  4 adders
  2 worms (D:2)
  A dart slug (D:2)
  A leopard gecko (D:2)
  2 orcs (D:3)
  7 bats
  2 giant cockroaches
  2 goblins
  4 hobgoblins
  10 jackals
  2 ball pythons (D:1)
  3 frilled lizards
  5 kobolds (D:2)
  4 rats
52 creatures vanquished.

Notes
Turn   | Place    | Note
-------+----------+-------------------------------------------
     0 | D:1      | iamserjio the Deep Elf Wizard began the quest for the Orb.
     0 | D:1      | Reached XP level 1. HP: 10/10 MP: 7/7
   331 | D:1      | Reached XP level 2. HP: 15/15 MP: 4/9
   771 | D:2      | Reached XP level 3. HP: 19/19 MP: 1/11
   966 | D:2      | Reached skill level 5 in Spellcasting
  1062 | D:2      | Noticed Natasha
  1067 | D:2      | Killed Natasha
  1075 | D:2      | Learned a level 3 spell: Mephitic Cloud
  1078 | D:2      | Learned a level 2 spell: Blink
  1082 | D:2      | Learned a level 3 spell: Conjure Flame
  1085 | D:2      | Learned a level 2 spell: Call Imp
  1313 | D:2      | Reached XP level 4. HP: 18/24 MP: 0/13
  1775 | D:2      | Found a runed door.
  1782 | D:2      | Noticed Crazy Yiuf
  1788 | D:2      | Killed Crazy Yiuf
  1864 | D:2      | You fall through a shaft!
  1913 | D:3      | Reached XP level 5. HP: 23/28 MP: 3/15
  2082 | D:3      | Noticed Natasha
  2091 | D:3      | Killed from afar by Natasha

Vault maps used:
D:1:      matt_arrival_diagonals
D:2:      kennysheep_generic_room_11, uniq_natasha, uniq_crazy_yiuf_cottage

Skill      XL: |  1  2  3  4 |
---------------+-------------+-----
Conjurations   | 2 3 4 |  4.7
Spellcasting   | 5 |  5.9
Dodging        | |  2.4
Stealth        | |  2.4
Summonings     | |  1.1
Translocations | |  1.1

Action                   |  1- 3 |  4- 6 || total
-------------------------+-------+-------++-------
Melee: Dagger            |     7 |    19 ||    26
 Cast: Magic Dart        |    68 |    56 ||   124
       Conjure Flame     |       |     2 ||     2
       Mephitic Cloud    |       |     1 ||     1
       Call Imp          |       |     1 ||     1
  Use: Scroll            |       |     1 ||     1
  Eat: Chunk             |       |     3 ||     3
Armor: Robe              |     5 |     5 ||    10
Dodge: Dodged            |    12 |    15 ||    27

Table legend:
 A = Spawn XP
 B = Non-spawn XP
 C = Spawn XP percentage of total XP
 D = Spawn monster count
 E = Non-spawn monster count
 F = Spawn count percentage of total count
 G = Total turns spent on level
                    A         B        C        D         E        F      G
               +---------+---------+-------+---------+---------+-------+---------
         Total |       0 |     253 |   0.0 |       0 |      52 |   0.0 |  2091
               +---------+---------+-------+---------+---------+-------+---------
           D:1 |       0 |      20 |   0.0 |       0 |      13 |   0.0 |   720
           D:2 |       0 |     160 |   0.0 |       0 |      28 |   0.0 |  1144
           D:3 |       0 |      73 |   0.0 |       0 |      11 |   0.0 |   227
               +---------+---------+-------+---------+---------+-------+---------
